 Dungeon Crawl Stone Soup version 0.31-a0-479-g91c9547826 (console) character file.

Game seed: 1545220577006702168

77 Lexodia the Chopper (level 4, -4/40 HPs)
             Began as a Minotaur Berserker on Aug 7, 2023.
             Was a Believer of Trog.
             Splashed by a jelly's acid (7 damage)
             ... on level 3 of the Dungeon.
             The game lasted 00:02:51 (1617 turns).

Lexodia the Chopper (Minotaur Berserker)            Turns: 1617, Time: 00:02:54

Health: -4/40      AC:  2    Str: 24    XL:     4   Next: 13%
Magic:  3/3        EV: 11    Int:  4    God:    Trog [**....]
Gold:   134        SH:  0    Dex:  9    Spells: 3/3 levels left

rFire   . . .        a - +0 hand axe
rCold   . . .        (no shield)
rNeg    . . .        l - +0 ring mail
rPois   .            (helmet restricted)
rElec   .            (no cloak)
rCorr   .            (no gloves)
SInv    .            k - +0 pair of boots
Will    .....        (no amulet) Stlth
                     (no ring)
HPRegen 0.26/turn    (no ring)
MPRegen 0.08/turn

%: no passive effects
@: corroded
A: horns 2, retaliatory headbutt
a: Renounce Religion, Berserk, Trog's Hand


You were on level 3 of the Dungeon.
You worshipped Trog.
Trog was pleased with you.
You visited 1 branch of the dungeon, and saw 3 of its levels.

You collected 134 gold pieces.

Inventory:

Hand Weapons
 a - a +0 hand axe (weapon)
Armour
 k - a +0 pair of boots (worn)
 l - a +0 ring mail (worn)
Wands
 b - a wand of flame (19)
Scrolls
 c - a scroll of poison {unknown}
 d - 3 scrolls of identify {unknown}
 e - a scroll of revelation {unknown}
 f - 2 scrolls of immolation {unknown}
 j - 2 scrolls of enchant weapon {unknown}
Potions
 g - a potion of brilliance {unknown}
 h - a potion of mutation {unknown}
 i - a potion of curing {unknown}


   Skills:
 + Level 4.1 Fighting
 * Level 4.6 Axes
 * Level 3.6 Armour
 + Level 2.8 Dodging


You had 3 spell levels left.
You didn't know any spells.
Your spell library was empty.

Dungeon Overview and Level Annotations

Branches:
Dungeon (3/15)

Altars:


Innate Abilities, Weirdness & Mutations

You have a pair of horns on your head.
You reflexively headbutt those who attack you in melee.


Message History

Jessica is almost dead.
Jessica zaps a wand.
The puff of flame hits you!
Huge Dmg: -21%(-7hp) hp: 46%(15hp)
You are too injured to fight recklessly!
You are too injured to fight recklessly!
You closely miss Jessica.
Jessica is almost dead.
Jessica closely misses you.
You barely miss Jessica.
Jessica is almost dead.
Jessica hits you but does no damage.
You hit Jessica.
You kill Jessica!
Trog accepts your kill.
Trog appreciates your killing of a magic user.
You have reached level 4!
You feel stronger.
b - a wand of flame (19)
Items here: ( )) [ †.
A jelly comes into view.
You hit the jelly.
Your hands burn!
You headbutt the jelly, but do no damage.
The jelly is lightly wounded.
The jelly hits you. The acid corrodes you!
You are splashed with acid!
* * * LOW HITPOINT WARNING * * *
Huge Dmg: -38%(-15hp) hp: 20%(8hp)
You hit the jelly but do no damage.
Your hands burn!
* * * LOW HITPOINT WARNING * * *
Your headbutt misses the jelly.
The jelly is lightly wounded.
The jelly barely misses you.
Damage: -2%(-1hp) hp: 18%(7hp) Unknown command.
You hit the jelly but do no damage.
Your hands burn!
* * * LOW HITPOINT WARNING * * *
The jelly is lightly wounded.
The jelly hits you.
* * * LOW HITPOINT WARNING * * *
You are splashed with acid!
You die...

.8.. ...
##.#### #
#.....#.#
#.....#.#
#^...)..#
#....<###
#.....#
#..@..#
#..J..#
........#
......#####
......
......
......
.....


You could see a jelly.

Vanquished Creatures
  Jessica (D:3)
  A worm (D:2)
  2 bats
  7 endoplasms
  4 giant cockroaches
  3 goblins (D:1)
  2 hobgoblins (D:2)
  5 jackals
  5 kobolds
  2 quokkas (D:2)
  5 ball pythons
  2 frilled lizards (D:1)
  2 rats (D:1)
41 creatures vanquished.

Notes
Turn   | Place    | Note
-------+----------+-------------------------------------------
     0 | D:1      | Lexodia the Minotaur Berserker began the quest for the Orb.
     0 | D:1      | Reached XP level 1. HP: 19/19 MP: 0/0
   265 | D:1      | Found a faded altar of an unknown god.
   281 | D:1      | Reached XP level 2. HP: 27/27 MP: 1/1
   350 | D:1      | Huge Dmg: 5 dmg
   799 | D:2      | Reached XP level 3. HP: 33/33 MP: 2/2
   872 | D:2      | Reached ** piety under Trog
   887 | D:2      | Huge Dmg: 7 dmg
  1586 | D:3      | Noticed Jessica
  1596 | D:3      | Huge Dmg: 7 dmg
  1598 | D:3      | Killed Jessica
  1599 | D:3      | Reached XP level 4. HP: 19/40 MP: 3/3
  1616 | D:3      | Huge Dmg: 15 dmg
  1617 | D:3      | Splashed by a jelly's acid

Illustrated notes

Levels and vault maps discovered:
D:1:      amcnicky_arrival_flooded_fountain, layout_basic,
          hellmonk_ecumenical_altar_inner_sanctum, minmay_curled_crystal,
          solitary_fountain
D:2:      layout_loops_ring
D:3:      layout_basic, grunt_gozag_statues, uniq_jessica

Skill      XL: |  1  2  3 |
---------------+----------+-----
Axes           | 4 |  4.6
Armour         | 3 |  3.6
Fighting       | 4 |  4.1
Dodging        | |  2.8

Action                     |  1- 3 |  4- 6 || total
---------------------------+-------+-------++-------
  Melee: Hand axe          |    91 |     3 ||    94
         Headbutt          |    14 |     1 ||    15
         Punch             |     3 |       ||     3
   Stab: Sleeping          |     2 |       ||     2
 Armour: Animal skin       |    10 |       ||    10
         Ring mail         |     5 |       ||     5
  Dodge: Dodged            |    59 |     1 ||    60

Table legend: (Time is in decaauts)
 A = Elapsed time spent in this place.
 B = Non-inter-level travel time spent in this place.
 C = Inter-level travel time spent in this place.
 D = Time resting spent in this place.
 E = Time spent auto-exploring this place.
 F = Levels seen in this place.
 G = Mean time per level.
                   A        B        C        D        E       F      G
               +--------+--------+--------+--------+--------+-----+--------+
         Total |   1625 |   1566 |     59 |      0 |   1319 |   3 |  541.7 |
       Dungeon |   1625 |   1566 |     59 |      0 |   1319 |   3 |  541.7 |
               +--------+--------+--------+--------+--------+-----+--------+

Top non-repeatable levels by time:
     D:2: 880 daAuts
     D:1: 711 daAuts
     D:3: 32 daAuts
